 Dungeon Crawl Stone Soup version 0.30-a0-459-g9104f0fc43 (webtiles) character file.

Game seed: 3807413447307124388

340 LnG the Sneak (level 6, -2/32 (34) HPs)
             Began as a Kobold Summoner on Dec 15, 2022.
             Slain by a wight
             ... wielding a +3 halberd
              (14 damage)
             ... on level 4 of the Dungeon.
             The game lasted 00:11:03 (3419 turns).

LnG the Sneak (Kobold Summoner)                     Turns: 3419, Time: 00:11:04

HP:   -2/32 (34)    AC:  5    Str:  5    XL:     6   Next: 87%
MP:   7/10          EV: 15    Int: 19    God:
Gold: 30            SH:  0    Dex: 15    Spells: 2/11 levels left

rFire   . . .      SeeInvis +    A - +4 short sword
rCold   . . .      Faith    .    (no shield)
rNeg    . . .      Spirit   .    a - +0 robe
rPois   .          Reflect  .    v - +2 helmet {SInv}
rElec   .          Harm     .    (no cloak)
rCorr   .          Rampage  .    (no gloves)
Will    .....                    (no boots)
Stlth   ++++......               d - amulet of regeneration
HPRegen 1.05/turn                r - ring of wizardry
MPRegen 0.12/turn                (no ring)

@: drained
A: small, no large weapons, nightstalker 3
a: no special abilities


You were on level 4 of the Dungeon.
You visited 1 branch of the dungeon, and saw 4 of its levels.

You collected 186 gold pieces.
You spent 156 gold pieces at shops.

Inventory:

Hand Weapons
 c - a +0 dagger
 A - a +4 short sword (weapon)
Armour
 a - a +0 robe (worn)
 v - a +2 helmet of see invisible (worn)
Jewellery
 d - an amulet of regeneration (around neck)
 r - a ring of wizardry (left hand)
 y - an amulet of guardian spirit
Wands
 q - a wand of mindburst (12)
Scrolls
 e - a scroll of summoning
 f - 2 scrolls of teleportation
 h - 2 scrolls of noise
 j - a scroll of poison {unknown}
 k - a scroll of fog
 o - 2 scrolls of enchant weapon
 s - a scroll of blinking {unknown}
 u - 2 scrolls of fear
Potions
 b - 2 potions of magic
 g - a potion of haste {unknown}
 i - a potion of curing {unknown}
 l - a potion of lignification {unknown}
 m - 3 potions of attraction
 n - 2 potions of mutation {unknown}
 p - a potion of flight {unknown}
 t - a potion of cancellation {unknown}
 w - a potion of might {unknown}
 x - a potion of heal wounds {unknown}
 z - a potion of berserk rage {unknown}


   Skills:
 + Level 1.4 Fighting
 + Level 3.2 Short Blades
 + Level 3.4 Dodging
 + Level 6.2 Stealth
 + Level 3.0 Spellcasting
 + Level 0.2 Hexes
 + Level 4.7 Summonings


You had 2 spell levels left.
You knew the following spells:

 Your Spells              Type           Power      Damage    Failure   Level
a - Summon Small Mammal   Summ           84%        N/A       1%          1
b - Call Imp              Summ           21%        N/A       1%          2
c - Call Canine Familiar  Summ           21%        N/A       2%          3
d - Summon Guardian Gole  Hex/Summ       12%        N/A       6%          3

Your spell library contained the following spells:

 Spells                   Type           Power      Damage    Failure   Level
 Cigotuvi's Dreadful Rot  Necr/Pois/Air  4%         N/A       9%          2
 Summon Lightning Spire   Summ/Air       11%        N/A       22%         4
 Dispel Undead            Necr           2%         3d7       50%         4
 Iskenderun's Battlesphe  Conj           2%         2d6       82%         5
 Death Channel            Necr           1%         N/A       100%        6
 Iron Shot                Conj/Erth      1%         9d1       100%        6
 Spellforged Servitor     Conj/Summ      5%         N/A       100%        7


Dungeon Overview and Level Annotations

Branches:
Dungeon (4/15)
 Temple: D:4-7

Altars:
Gozag
Zin

Shops:
D:1 ?


Innate Abilities, Weirdness & Mutations

You are small and have problems with some larger weapons.
You are completely attuned to the shadows.


Message History

The wight hits your hound with a +6 trident!
You closely miss the wight.
The wight is severely damaged.
Your hound barely misses the wight.
You hit the wight.
The wight is severely damaged.
Your hound bites the wight.
The wight hits your hound with a +6 trident!
Your hound dies!
Your hound's corpse disappears in a puff of smoke!
You hit the wight but do no damage.
The wight is almost destroyed.
The wight misses you.
You closely miss the wight.
The wight is almost destroyed.
The wight closely misses you.
You barely miss the wight.
The wight is almost destroyed.
The wight hits you with a +6 trident!
You hit the wight but do no damage.
The wight is almost destroyed.
The wight misses you.
You hit the wight.
You destroy the wight!
Your life force feels restored.
You start resting.
HP restored.
You start resting.
Magic restored.
Things that are here:
a +6 trident; a +0 robe The wight hits you from afar with a +3 halberd!
Ouch! That really hurt!
You feel drained.
Press: ? - help, v - describe, . - travel The floor.
Casting: Call Canine Familiar (dangerous; 2% risk of failure)
Confirm with . or Enter, or press ? or * to list all spells.
The wight hits you from afar with a +3 halberd!
You die...

.. ##. .# #.
.####.# #.# #.#
#.##..##.z# #..##
#.##..#).#
#...###.)....@#
.#.....[.##.)..#
........###....h#
.##...###
#..##..# ###.#
#..# #.. ###.#
#...###
.......###
####......


You could see a wight (ally target) and a friendly hound (summoned).

Vanquished Creatures
  3 wights (D:4)
  4 adders
  A worm (D:3)
  2 dart slugs
  4 orcs
  3 ball pythons
  A bat (D:2)
  3 endoplasms (D:1)
  3 giant cockroaches
  5 goblins
  4 hobgoblins
  3 jackals (D:3)
  2 quokkas
  3 frilled lizards
  5 kobolds
  11 rats (D:1)
57 creatures vanquished.

Vanquished Creatures (collateral kills)
  A wight (D:4)
  An iguana (D:3)
  A dart slug (D:2)
  An orc (D:2)
  An endoplasm (D:2)
  2 kobolds
  A rat (D:2)
8 creatures vanquished.

Grand Total: 65 creatures vanquished

Notes
Turn   | Place    | Note
-------+----------+-------------------------------------------
     0 | D:1      | LnG the Kobold Summoner began the quest for the Orb.
     0 | D:1      | Reached XP level 1. HP: 10/10 MP: 3/3
   134 | D:1      | Found Paim's Magic Scroll Shop.
   152 | D:1      | Reached XP level 2. HP: 15/15 MP: 5/5
   156 | D:1      | Learned a level 2 spell: Call Imp
   190 | D:1      | Reached skill level 3 in Stealth
   531 | D:1      | Bought a scroll of identify for 26 gold pieces
   739 | D:1      | Reached XP level 3. HP: 19/19 MP: 6/6
   743 | D:1      | Learned a level 3 spell: Call Canine Familiar
  1079 | D:1      | Bought a scroll of identify for 26 gold pieces
  1356 | D:1      | Bought a scroll of identify for 26 gold pieces
  1611 | D:2      | Reached skill level 4 in Stealth
  1630 | D:2      | Reached XP level 4. HP: 24/24 MP: 1/7
  1708 | D:2      | Reached skill level 1 in Short Blades
  2040 | D:3      | Reached XP level 5. HP: 16/28 MP: 4/8
  2044 | D:3      | Learned a level 3 spell: Summon Guardian Golem
  2281 | D:3      | Reached skill level 5 in Stealth
  2544 | D:3      | Found a glowing silver altar of Zin.
  2544 | D:3      | Found an opulent altar of Gozag.
  3001 | D:1      | Bought a scroll of identify for 26 gold pieces
  3001 | D:1      | Bought a scroll of fear for 52 gold pieces
  3285 | D:4      | Reached XP level 6. HP: 23/33 MP: 4/10
  3339 | D:4      | Reached skill level 1 in Fighting
  3342 | D:4      | Reached skill level 6 in Stealth
  3419 | D:4      | Slain by a wight

Illustrated notes

Levels and vault maps discovered:
D:1:      wander_arrival_abandoned_jail, layout_basic, serial_shops, shop,
          serial_aquarium, aquarium_bridge_long_joined
          [aquarium_subvault_bridge, aquarium_subvault_balcony,
          aquarium_subvault_bridge, aquarium_subvault_balcony,
          aquarium_subvault_window, aquarium_subvault_balcony],
          aquarium_bridge_straight [aquarium_subvault_bridge,
          aquarium_subvault_balcony, aquarium_subvault_bridge,
          aquarium_subvault_window], aquarium_window_fake, aquarium_window_fake,
          aquarium_window_fake, aquarium_view_2b, aquarium_pool_1,
          nicolae_concentric_dashed_squares_mild, minmay_rat_gold_closets
D:2:      layout_basic
D:3:      layout_basic, grunt_temple_overflow_gold_and_silver
D:4:      layout_layer_cave, mainiacjoe_overflow_alcove_4, corexii_checkpoint_a,
          dreamdust_gnoll_farm, uniq_edmund, uniq_blork_the_orc, uniq_pikel,
          uniq_natasha

Skill      XL: |  1  2  3  4  5  6 |
---------------+-------------------+-----
Stealth        | 3 4 5 6 |  6.2
Short Blades   | 1 2 3 |  3.2
Dodging        | 3 |  3.4
Fighting       | 1 |  1.4
Spellcasting   | 3 |  3.0
Hexes          | |  0.2
Summonings     | |  4.7

Action                   |  1- 3 |  4- 6 || total
-------------------------+-------+-------++-------
Melee: Dagger            |   100 |    81 ||   181
       Short sword       |       |    11 ||    11
 Cast: Summon Small Mamm |     2 |       ||     2
       Call Canine Famil |     3 |     6 ||     9
       Call Imp          |     1 |     1 ||     2
       Summon Guardian G |       |     2 ||     2
  Use: Scroll            |     3 |     3 ||     6
 Stab: Sleeping          |    22 |    14 ||    36
       Distracted        |     1 |       ||     1
Armor: Robe              |    18 |    17 ||    35
Dodge: Dodged            |    88 |    51 ||   139

Table legend: (Time is in decaauts)
 A = Elapsed time spent in this place.
 B = Non-inter-level travel time spent in this place.
 C = Inter-level travel time spent in this place.
 D = Time resting spent in this place.
 E = Time spent auto-exploring this place.
 F = Levels seen in this place.
 G = Mean time per level.
                   A        B        C        D        E       F      G
               +--------+--------+--------+--------+--------+-----+--------+
         Total |   3412 |   2994 |    418 |     95 |   2254 |   4 |  853.0 |
       Dungeon |   3412 |   2994 |    418 |     95 |   2254 |   4 |  853.0 |
               +--------+--------+--------+--------+--------+-----+--------+

Top non-repeatable levels by time:
     D:3: 1057 daAuts
     D:1: 1047 daAuts
     D:2: 971 daAuts
     D:4: 335 daAuts
